 Dungeon Crawl Stone Soup version 0.32-a0-407-g4da7c8d6d1 (webtiles) character file.

Game seed: 17197244265915856119

452 Goblin1989 the Chopper (level 7, -20/53 HPs)
             Began as a Coglin Berserker on Feb 20, 2024.
             Was a Believer of Trog.
             Demolished by a gnoll
             ... wielding a +0 halberd
              (22 damage)
             ... on level 6 of the Dungeon.
             The game lasted 00:08:33 (3730 turns).

Goblin1989 the Chopper (Coglin Berserker)           Turns: 3730, Time: 00:08:34

Health: -20/53     AC:  5    Str: 19    XL:     7   Next: 5%
Magic:  7/7        EV:  2    Int:  7    God:    Trog [**....]
Gold:   33         SH:  0    Dex: 13    Spells: 6/6 levels left

rFire   . . .        a - +0 hand axe {Sizwe}
rCold   . . .        m - +0 war axe {Kasem}
rNeg    . . .        l - +0 ring mail
rPois   +            (no helmet)
rElec   .            (no cloak)
rCorr   .            (no gloves)
SInv    .            (no boots)
Will    ++...        (no amulet)
Stlth   +            c - ring of poison resistance
HPRegen 1.28/turn    (no ring)
MPRegen 0.10/turn

%: no passive effects
@: sleeping, strong-willed, on berserk cooldown, immotile, regenerating, slowed,
revved
A: off-hand wielding, slow wielding, warmup strikes, legs shutdown
a: Renounce Religion, Berserk, Trog's Hand


You were on level 6 of the Dungeon.
You worshipped Trog.
Trog was pleased with you.
You visited 1 branch of the dungeon, and saw 5 of its levels.

You collected 176 gold pieces.
You spent 143 gold pieces at shops.

Inventory:

Hand Weapons
 a - a +0 hand axe (weapon) {Sizwe}
 m - a +0 war axe (offhand) {Kasem}
Armour
 l - a +0 ring mail (worn)
Jewellery
 c - a ring of poison resistance (left grasper)
 r - a +5 ring of evasion
Scrolls
 d - 2 scrolls of poison {unknown}
 f - a scroll of butterflies {unknown}
 g - a scroll of torment {unknown}
 i - a scroll of enchant weapon {unknown}
 k - a scroll of noise {unknown}
 n - a scroll of immolation {unknown}
 s - a scroll of amnesia {unknown}
 t - a scroll of fog {unknown}
 u - 2 scrolls of fear {unknown}
Potions
 e - a potion of brilliance {unknown}
 h - 2 potions of curing {unknown}
 j - a potion of haste {unknown}
 o - 2 potions of attraction
 p - 3 potions of heal wounds {@q2}
 q - 3 potions of enlightenment


   Skills:
 + Level 3.8 Fighting
 * Level 6.4 Axes
 + Level 2.7 Armour
 + Level 2.8 Dodging


You had 6 spell levels left.
You didn't know any spells.
Your spell library was empty.

Dungeon Overview and Level Annotations

Branches:
Dungeon (4/15) Zot: 26152
 Temple: D:4-7

Altars:
Cheibriados
Elyvilon
Wu Jian

Shops:
D:3 !


Innate Abilities, Weirdness & Mutations

You can wield a second weapon in your off-hand.
It takes a long time for you to wield or remove held weapons.
Your first few attacks do less damage.
Attacking and casting redirects power from your legs.


Message History

The gnoll hits you from afar with a +0 halberd!
A sleepcap comes into view.
You now have 63/79 hp.
You slash the gnoll with your +0 hand axe!
The gnoll is severely wounded.
You slash the gnoll with your +0 war axe!
You kill the gnoll!
Trog accepts your kill.
The gnoll hits you from afar with a +0 halberd.
You take 5 damage, and have 58/79 hp.
You feel a strong urge to attack something.
You are no longer unable to travel.
The gnoll barely misses you.
The gnoll hits you from afar with a +0 halberd!
You take 14 damage, and have 44/79 hp.
You are too injured to fight recklessly!
You are too injured to fight recklessly!
You are too injured to fight recklessly!
You are too injured to fight recklessly!
You are too injured to fight recklessly!
You are too injured to fight recklessly!
You are too injured to fight recklessly!
You are too injured to fight recklessly!
You are too injured to fight recklessly!
You are too injured to fight recklessly!
You are too injured to fight recklessly!
You are too injured to fight recklessly!
You are too injured to fight recklessly!
You are too injured to fight recklessly!
You are too injured to fight recklessly!
You are too injured to fight recklessly!
You are too injured to fight recklessly!
You are too injured to fight recklessly!
You are too injured to fight recklessly!
You are too injured to fight recklessly!
You are too injured to fight recklessly!
You are too injured to fight recklessly!
You are too injured to fight recklessly!
You are too injured to fight recklessly!
You are too injured to fight recklessly!
You feel your anger nearly subside.
You are no longer berserk.
You are exhausted.
You feel yourself slow down. The gnoll hits you with a +0 halberd.
The gnoll misses you.
You now have 29/53 hp.
Unknown command.
You are too injured to fight recklessly!
Unknown command.
You hit the gnoll with your +0 hand axe.
The gnoll is heavily wounded.
You barely miss the gnoll with your +0 hand axe.
You hit the sleepcap with your +0 hand axe.
You hit the gnoll with your +0 war axe.
You hit the sleepcap with your +0 war axe.
You barely miss the gnoll with your +0 war axe.
The gnoll barely misses you. The gnoll hits you with a +0 halberd.
The sleepcap barely misses you.
You take 2 damage, and have 27/53 hp.
Unknown command.
You barely miss the gnoll with your +0 war axe.
The gnoll is almost dead.
You completely miss the sleepcap with your +0 war axe.
You hit the gnoll with your +0 war axe.
You barely miss the gnoll with your +0 hand axe.
You hit the sleepcap with your +0 hand axe.
You barely miss the gnoll with your +0 hand axe.
The gnoll misses you. The gnoll hits you with a +0 halberd.
* * * LOW HITPOINT WARNING * * *
The sleepcap barely misses you. The gnoll hits you with a +0 halberd!
* * * LOW HITPOINT WARNING * * *
The sleepcap barely misses you. The gnoll misses you.
You take 17 damage, and have 10/53 hp.
MASSIVE DAMAGE!!
Unknown command.
Your skin crawls.
You feel strong-willed.
You are no longer unable to travel.
The gnoll barely misses you. The gnoll closely misses you.
The sleepcap releases spores at you!
* * * LOW HITPOINT WARNING * * *
You take 5 damage, and have 5/53 hp.
You slash the gnoll with your +0 hand axe!
You kill the gnoll!
Trog accepts your kill.
You hit the sleepcap with your +0 hand axe.
You hit the gnoll with your +0 hand axe.
You hit the sleepcap but do no damage. You hit the gnoll with your +0 war axe.
The gnoll hits you with a +0 halberd.
* * * LOW HITPOINT WARNING * * *
The sleepcap barely misses you. x2; The gnoll closely misses you.
You take 3 damage, and have 2/53 hp.
You closely miss the gnoll with your +0 hand axe.
The gnoll is almost dead.
You completely miss the sleepcap with your +0 hand axe.
You closely miss the gnoll with your +0 war axe.
You hit the sleepcap but do no damage. The gnoll barely misses you.
The sleepcap releases spores at you.
* * * LOW HITPOINT WARNING * * *
You are engulfed in a cloud of soporific spores!
You fall asleep.
The gnoll hits you with a +0 halberd!!
You die...

...........
███.████.█████ █.....█
███.████.██..███.....███
.∆............█.........
.█...........>█.........
.█............█.........
.█............█...>.....
.█............█g.f......
.█............█.@.......
.█............█.).......
██....██.██...))..>.....
█.█████████████████████
███


You could see a sleepcap and a gnoll.

Vanquished Creatures
  A scorpion (D:3)
  A bombardier beetle (D:3)
  2 orc priests
  A jelly (D:6)
  3 sleepcaps
  3 gnolls (D:6)
  3 adders
  2 ribbon worms
  10 orcs
  5 bats
  2 endoplasms (D:1)
  2 giant cockroaches
  4 goblins
  7 hobgoblins
  3 quokkas
  9 ball pythons
  9 frilled lizards
  5 kobolds
  6 rats
78 creatures vanquished.

Notes
Turn   | Place    | Note
-------+----------+-------------------------------------------
     0 | D:1      | Goblin1989 the Coglin Berserker began the quest for the
                  | Orb.
     0 | D:1      | Reached XP level 1. HP: 18/18 MP: 1/1
   244 | D:1      | Reached XP level 2. HP: 24/24 MP: 2/2
   383 | D:1      | Reached skill level 4 in Axes
   389 | D:1      | Reached XP level 3. HP: 23/29 MP: 3/3
  1208 | D:2      | Reached skill level 5 in Axes
  1208 | D:2      | Reached XP level 4. HP: 12/35 MP: 4/4
  2180 | D:3      | Reached XP level 5. HP: 35/41 MP: 5/5
  2265 | D:3      | Found a snail-covered altar of Cheibriados.
  2419 | D:3      | Reached ** piety under Trog
  2527 | D:3      | Found a faded altar of an unknown god.
  2620 | D:3      | Reached skill level 6 in Axes
  2620 | D:3      | Reached XP level 6. HP: 33/47 MP: 6/6
  2817 | D:3      | Found Reen's Distillery.
  2824 | D:3      | Bought a potion of attraction for 33 gold pieces
  2824 | D:3      | Bought a potion of heal wounds for 55 gold pieces
  2824 | D:3      | Bought a potion of enlightenment for 55 gold pieces
  3049 | D:3      | Found an ornate altar of the Wu Jian Council.
  3624 | D:4      | Identified the +4 mace of the Hated {venom, Will+}
  3628 | D:4      | Found a white marble altar of Elyvilon.
  3655 | D:4      | You fall into a shaft and drop 2 floors!
  3719 | D:6      | Reached XP level 7. HP: 49/53 MP: 7/7
  3728 | D:6      | HP: 2/53 [gnoll/+0 halberd (5)]
  3730 | D:6      | Demolished by a gnoll

Illustrated notes

Levels and vault maps discovered:
D:1:      ncdulo_smallfort, layout_basic, roderic_serpentine_path
D:2:      layout_basic, minmay_tiny_reverse_x
D:3:      layout_basic, mainiacjoe_overflow_alcove_1, cheibrodos_worm_habitat,
          serial_shops, shop, nicolae_ecumenical_snake_handling,
          serial_bayou_lake_a
D:4:      layout_rooms, lemuel_crystal_altar, uniq_sigmund, uniq_natasha,
          uniq_robin
D:6:      layout_gridville, minmay_temple_entry_sparse_star, uniq_grinder

Skill      XL: |  1  2  3  4  5 |
---------------+----------------+-----
Axes           | 4 5 6 |  6.4
Dodging        | 2 |  2.8
Armour         | 2 |  2.7
Fighting       | |  3.8

Action                     |  1- 3 |  4- 6 |  7- 9 || total
---------------------------+-------+-------+-------++-------
  Melee: Hand axe          |    85 |   120 |     5 ||   210
         War axe           |       |    70 |     4 ||    74
 Invoke: Berserk           |     1 |     3 |     1 ||     5
         Trog's Hand       |       |       |     1 ||     1
 Armour: Animal skin       |    39 |    21 |       ||    60
         Ring mail         |       |    51 |    11 ||    62
  Dodge: Dodged            |    56 |    73 |    15 ||   144

Table legend: (Time is in decaauts)
 A = Elapsed time spent in this place.
 B = Non-inter-level travel time spent in this place.
 C = Inter-level travel time spent in this place.
 D = Time resting spent in this place.
 E = Time spent auto-exploring this place.
 F = Levels seen in this place.
 G = Mean time per level.
                   A        B        C        D        E       F      G
               +--------+--------+--------+--------+--------+-----+--------+
         Total |   3846 |   3753 |     93 |    267 |   2899 |   5 |  769.2 |
       Dungeon |   3846 |   3753 |     93 |    267 |   2899 |   5 |  769.2 |
               +--------+--------+--------+--------+--------+-----+--------+

Top non-repeatable levels by time:
     D:3: 1372 daAuts
     D:1: 1154 daAuts
     D:2: 996 daAuts
     D:4: 247 daAuts
     D:6: 76 daAuts
